 Dungeon Crawl Stone Soup version 0.18.1-5-g4a78601 (webtiles) character file.

187 namelastname112 the Sneak (level 5, 0/45 HPs)
             Began as a Draconian Assassin on May 11, 2016.
             Succumbed to an orc wizard's poison
             ... on level 5 of the Dungeon.
             The game lasted 00:04:21 (2085 turns).

namelastname112 the Sneak (Draconian Assassin)      Turns: 2085, Time: 00:04:22

Health: 0/45       AC: 11    Str: 13    XL:     5   Next: 39%
Magic:  5/5        EV: 12    Int: 12    God:
Gold:   119        SH:  0    Dex: 13    Spells: 0 memorised, 4 levels left

rFire  . . .     SeeInvis .     p - +2 short sword (protect)
rCold  . . .     Gourm    .     (armour unavailable)
rNeg   . . .     Faith    .     (no shield)
rPois  .         Spirit   .     (helmet restricted)
rElec  .         Dismiss  .     c - +0 cloak
rCorr  .         Reflect  .     (no gloves)
SustAt .         Harm     .     (no boots)
MR     .....                    (no amulet)
Stlth  ++........               (no ring)
                                (no ring)

@: lethally poisoned (0 -> -11), not resistant to hostile enchantments,
unstealthy
A: unfitting armour, cold-blooded, AC +5
a: no special abilities


You were on level 5 of the Dungeon.
You were hungry.

You visited 1 branch of the dungeon, and saw 5 of its levels.

You collected 119 gold pieces.

Inventory:

Hand Weapons
 b - a +0 blowgun
 p - a +2 short sword of protection (weapon)
 q - a -2 dagger
Missiles
 d - 26 poisoned needles
 e - 2 curare-tipped needles
Armour
 c - a +0 cloak (worn)
Wands
 m - a wand of flame (48/48)
 n - a wand of flame (8/48)
Scrolls
 a - a scroll of random uselessness {unknown}
Comestibles
 f - 2 bread rations
 g - 2 meat rations
 h - 2 chunks of flesh


   Skills:
 + Level 3.1 Fighting
 * Level 3.2 Short Blades
 + Level 2.6 Throwing
 + Level 1.8 Dodging
 * Level 4.6 Stealth


You had 4 spell levels left.
You didn't know any spells.

Dungeon Overview and Level Annotations

Branches:
Dungeon (5/15)
 Temple: D:4-7

Altars:
Fedhas
Nemelex Xobeh
Vehumet


Innate Abilities, Weirdness & Mutations

Your plain brown scales are hard (AC +5).
Your body does not fit into most forms of armour.
You are cold-blooded and may be slowed by cold attacks.


Message History

There is a stone staircase leading down here.
You take 1 damage, and have 9/45 hp.
You feel sick. Something hits you but does no damage.
You are lethally poisoned!
You climb downwards.
Found 18 stones, a war axe and 18 gold pieces.
There is a stone staircase leading up here.
You take 1 damage, and have 8/45 hp.
* * * LOW HITPOINT WARNING * * *
You feel sick.
You hear some strange, mumbled words.
A magic dart appears from out of thin air!
The magic dart hits you!
* * * LOW HITPOINT WARNING * * *
Found 10 gold pieces.
You take 7 damage, and have 1/45 hp.
You aren't carrying any potions.
Evoke which item? (* to show all) (? for menu, Esc to quit)
Okay, then.
You hit something.
You die...

# # .#
#.##.#####.#
#..........#
.......@<..#
###..(##...#
#.. .....).$
#.
........$# #
......##..#
.......# .#
........# #
#.......##


There were no monsters in sight!

Vanquished Creatures
  An ogre (D:2)
  A worker ant (D:4)
  An adder (D:2)
  3 oozes
  A worm (D:2)
  2 dart slugs (D:1)
  A giant gecko (D:1)
  4 giant cockroaches
  3 goblins
  7 hobgoblins
  6 jackals
  11 kobolds
  5 bats
  2 giant newts (D:1)
  9 rats
57 creatures vanquished.

Notes
Turn   | Place    | Note
--------------------------------------------------------------
     0 | D:1      | namelastname112 the Draconian Assassin began the quest for the Orb.
     0 | D:1      | Reached XP level 1. HP: 17/17 MP: 1/1
    54 | D:1      | Reached XP level 2. HP: 24/24 MP: 2/2
    86 | D:1      | Reached skill level 1 in Dodging
   270 | D:1      | Reached XP level 3. HP: 23/30 MP: 3/3
   305 | D:1      | Reached skill level 4 in Stealth
  1068 | D:2      | Reached XP level 4. HP: 37/37 MP: 4/4
  1091 | D:2      | Found a faded altar to an unknown god.
  1112 | D:2      | jacquesderrida: HAI
  1125 | D:2      | jacquesderrida: S O S
  1219 | D:2      | jacquesderrida: Vyshla novaya pesnya S O S
  1221 | D:2      | jacquesderrida: https://www.youtube.com/watch?v=bvNLFpwAdBc
  1241 | D:2      | namelastname112: ммм
  1241 | D:2      | namelastname112: грипс
  1483 | D:2      | Noticed an ogre
  1497 | D:2      | jacquesderrida: SPIKESPIKESPIKEPSPIKES
  1499 | D:2      | Killed an ogre
  1499 | D:2      | Reached XP level 5. HP: 44/44 MP: 5/5
  1708 | D:3      | Found a blossoming altar of Fedhas.
  1709 | D:3      | Found a radiant altar of Vehumet.
  1709 | D:3      | Found a sparkling altar of Nemelex Xobeh.
  2048 | D:4      | jacquesderrida: VENAN
  2083 | D:5      | Entered Level 5 of the Dungeon
  2084 | D:5      | HP: 1/45 [something/magic dart (6)]
  2085 | D:5      | Succumbed to an orc wizard's poison

Skill      XL: |  1  2  3  4  5 |
---------------+----------------+-----
Throwing       | 2 |  2.6
Dodging        | 1 |  1.8
Stealth        | 4 |  4.6
Short Blades   | 3 |  3.2
Fighting       | 3 |  3.1

Action                   |  1- 3 |  4- 6 || total
-------------------------+-------+-------++-------
Melee: Dagger            |   168 |     1 ||   169
       Tailslap          |    14 |     2 ||    16
       Short sword       |       |    33 ||    33
 Fire: Blowgun           |       |     9 ||     9
  Use: Scroll            |       |     5 ||     5
       Potion            |       |     1 ||     1
 Stab: Sleeping          |     5 |     6 ||    11
  Eat: Chunk             |       |     2 ||     2
       Beef jerky        |       |     1 ||     1
Armor: Skin              |    45 |    20 ||    65
Dodge: Dodged            |   111 |    19 ||   130
